 Dungeon Crawl Stone Soup version 0.23.2-40-g277498a001 (webtiles) character file.

Game seed: 13041636721874176211

1218 koregor the Sneak (level 8, -2/60 HPs)
             Began as a Demonspawn Assassin on Oct 17, 2019.
             Was a Follower of Dithmenos.
             Shot with an arrow by a centaur (11 damage)
             ... on level 7 of the Dungeon.
             The game lasted 00:23:50 (7499 turns).

koregor the Sneak (Demonspawn Assassin)             Turns: 7499, Time: 00:23:51

Health: -2/60      AC: 11    Str:  9 (12) XL:     8   Next: 22%
Magic:  8/8        EV: 11    Int: 14      God:    Dithmenos [*.....]
Gold:   300        SH:  0    Dex: 15      Spells: 4/7 levels left

rFire    + . .     SeeInvis .   J - +4 dagger (venom)
rCold    . . .     Gourm    .   (no shield)
rNeg     . . .     Faith    .   c - +0 robe
rPois    .         Spirit   .   v - +2 hat
rElec    .         Reflect  .   d - +2 cloak
rCorr    .         Harm     .   (no gloves)
MR       .....     Rnd*Tele +   w - +0 pair of boots
Stlth    ++++......             (no amulet)
HPRegen  0.20/turn              (no ring)
MPRegen  0.11/turn              (no ring)

@: wreathed by umbra
A: talons 1, yellow scales 2, fire resistance 1, powered by death 1,
teleportitis 2
a: Renounce Religion


You were on level 7 of the Dungeon.
You worshipped Dithmenos.
Dithmenos was aware of your devotion.
You were near starving.

You visited 1 branch of the dungeon, and saw 7 of its levels.

You collected 300 gold pieces.

Inventory:

Hand Weapons
 b - a +0 blowgun
 m - a +2 dagger of draining
 J - a +4 dagger of venom (weapon)
Missiles
 e - 8 poisoned needles
 f - 2 curare-tipped needles
 n - 191 stones (quivered)
Armour
 c - a +0 robe (worn)
 d - a +2 cloak (worn)
 v - a +2 hat (worn)
 w - a +0 pair of boots (worn)
Wands
 q - a wand of flame (23)
 x - a wand of acid (14)
Scrolls
 a - 2 scrolls of identify
 i - a scroll of magic mapping
 j - 2 scrolls of teleportation
 y - 2 scrolls of immolation
 C - 3 scrolls of remove curse
Potions
 l - a potion of brilliance
 p - a potion of haste
 r - a potion of ambrosia {unknown}
 D - a potion of cancellation
 E - a potion of flight
 H - a potion of magic
Comestibles
 g - 11 rations


   Skills:
 + Level 4.3 Fighting
 * Level 5.2 Short Blades
 - Level 1.7 Throwing
 - Level 0.8 Dodging
 * Level 6.5 Stealth
 + Level 3.0 Hexes
 + Level 3.0 Summonings


You had 4 spell levels left.
You knew the following spells:

 Your Spells              Type           Power        Failure   Level  Hunger
a - Confusing Touch       Hex            #.....       9%          1    ##.....
b - Summon Small Mammal   Summ           #...         9%          1    ##.....
c - Animate Skeleton      Necr           N/A          28%         1    ##.....

Your spell library contained the following spells:

 Spells                   Type           Power        Failure   Level  Hunger
 Call Imp                 Summ           #.......     13%         2    ###....
 Slow                     Hex            #.......     13%         2    ###....
 Call Canine Familiar     Summ           #.......     26%         3    ####...
 Summon Guardian Golem    Hex/Summ       #.......     26%         3    ####...
 Apportation              Tloc           #.....       28%         1    ##.....
 Magic Dart               Conj           #...         28%         1    ##.....
 Blink                    Tloc           N/A          41%         2    ###....
 Searing Ray              Conj           #.....       41%         2    ###....
 Dazzling Spray           Conj/Hex       #.....       43%         3    ####...
 Conjure Flame            Conj/Fire      #.......     65%         3    ####...
 Mephitic Cloud           Conj/Pois/Air  #.......     65%         3    ####...
 Fulminant Prism          Conj/Hex       #.........   83%         4    #####..
 Summon Ice Beast         Ice/Summ       #.......     83%         4    #####..
 Summon Lightning Spire   Summ/Air       #.......     83%         4    #####..
 Force Lance              Conj/Tloc      #.......     96%         4    #####..
 Iskenderun's Mystic Bla  Conj           #.......     96%         4    #####..


Dungeon Overview and Level Annotations

Branches:
Dungeon (7/15)             Temple (0/1) D:5

Altars:
Cheibriados
Dithmenos
Gozag
Hepliaklqana
Sif Muna

Shops:
D:4 }

Annotations:
D:5 2 transporters, Dowan; Duvessa; Sigmund; Xerberus86's ghost, novice HuBe


Innate Abilities, Weirdness & Mutations

You are mostly covered in yellow scales. (AC +3)
You regenerate a little health from kills.
You have sharp toenails.
Your flesh is heat resistant. (rF+)
You are sometimes teleported next to monsters.


Message History

Aim: a centaur, wielding a +0 shortbow (lightly wounded)
You throw a stone.
The stone hits the centaur but does no damage.
The centaur is lightly wounded.
The centaur shoots an arrow.
The arrow hits you but does no damage.
Throwing (i - inventory)
n - 193 stones (quivered)
Press: ? - help, Shift-Dir - straight line, f/p - centaur
Aim: a centaur, wielding a +0 shortbow (lightly wounded)
You throw a stone.
The stone hits the centaur but does no damage.
The centaur is lightly wounded.
The centaur shoots an arrow.
The arrow hits you!
* * * LOW HITPOINT WARNING * * *
Throwing (i - inventory)
n - 192 stones (quivered)
Press: ? - help, Shift-Dir - straight line, f/p - centaur
Aim: a centaur, wielding a +0 shortbow (lightly wounded)
You throw a stone.
The stone completely misses the centaur.
The centaur shoots an arrow.
The arrow hits you!
You die...

... #.# # #.# #. ##.# ##
#. ###.## #.#
####.####....## #..
.........<#.#.###.#
###.........#.#.#####
#..<.)...@.....c(...#
....#...###..............
### ##..# ###########)###
#... # ##.# #.# #.. ###


You could see a centaur.

Vanquished Creatures
  2 orc warriors
  A sky beast (D:6)
  An ogre (D:6)
  A bullfrog (D:6)
  2 crimson imps
  A hound (D:6)
  2 orc priests
  A centaur skeleton (D:7)
  A gnoll shaman (D:6)
  2 jellies (D:5)
  Crazy Yiuf (D:6)
  2 orc wizards
  An iguana (D:6)
  Terence (D:2)
  3 worker ants
  A mummy (D:5)
  A howler monkey zombie (D:6)
  5 gnolls
  8 adders
  An ooze (D:2)
  4 worms
  5 dart slugs (D:1)
  6 leopard geckos
  11 orcs
  6 bats
  4 giant cockroaches
  5 goblins
  10 hobgoblins
  10 jackals
  5 kobolds
  A quokka (D:5)
  6 frilled lizards
  A quokka skeleton (D:5)
  A quokka zombie (D:5)
  8 rats
121 creatures vanquished.

Vanquished Creatures (collateral kills)
  A scorpion (D:5)
  An adder (D:4)
  A goblin (D:3)
  A rat (D:1)
4 creatures vanquished.

Vanquished Creatures (others)
  An orc wizard (D:5)
1 creature vanquished.

Grand Total: 126 creatures vanquished

Notes
Turn   | Place    | Note
-------+----------+-------------------------------------------
     0 | D:1      | koregor the Demonspawn Assassin began the quest for the
                  | Orb.
     0 | D:1      | Reached XP level 1. HP: 16/16 MP: 1/1
   282 | D:1      | Gained mutation: You regenerate a little health from kills.
                  | [demonic ancestry]
   282 | D:1      | Reached XP level 2. HP: 22/22 MP: 2/2
   348 | D:1      | Reached skill level 4 in Stealth
   425 | D:1      | Gained mutation: You are partially covered in yellow
                  | scales. (AC +2) [demonic ancestry]
   425 | D:1      | Reached XP level 3. HP: 22/28 MP: 3/3
   603 | D:1      | You fall through a shaft!
   662 | D:2      | Noticed Terence
   693 | D:2      | Killed Terence
   693 | D:2      | Reached XP level 4. HP: 11/34 MP: 4/4
   880 | D:2      | Learned a level 1 spell: Confusing Touch
  1519 | D:1      | Learned a level 1 spell: Summon Small Mammal
  1521 | D:1      | Learned a level 1 spell: Animate Skeleton
  1910 | D:3      | Gained mutation: You are mostly covered in yellow scales.
                  | (AC +3) [demonic ancestry]
  1910 | D:3      | Reached XP level 5. HP: 26/40 MP: 5/5
  2219 | D:3      | Found a shadowy altar of Dithmenos.
  2298 | D:3      | Became a worshipper of Dithmenos the Shadowed
  2388 | D:3      | Reached skill level 1 in Hexes
  2690 | D:4      | Found Depheb's Gadget Emporium.
  2711 | D:4      | Reached skill level 1 in Summonings
  2731 | D:4      | Reached skill level 5 in Stealth
  2990 | D:4      | Reached XP level 6. HP: 46/47 MP: 1/6
  3332 | D:4      | Gained mutation: You have sharp toenails. [potion of
                  | mutation]
  3332 | D:4      | Gained mutation: You are occasionally teleported next to
                  | monsters. [potion of mutation]
  3332 | D:4      | Gained mutation: Scrolls take you a little longer to read.
                  | [potion of mutation]
  3332 | D:4      | Gained mutation: Your mind is acute. (Int +2) [potion of
                  | mutation]
  3338 | D:4      | Lost mutation: Scrolls take you a little longer to read.
                  | [potion of mutation]
  3338 | D:4      | Lost mutation: Your mind is acute. (Int +2) [potion of
                  | mutation]
  3338 | D:4      | Gained mutation: You are sometimes teleported next to
                  | monsters. [potion of mutation]
  3338 | D:4      | Gained mutation: Your flesh is heat resistant. (rF+)
                  | [potion of mutation]
  3359 | D:5      | Entered Level 5 of the Dungeon
  3796 | D:5      | Found a hazy altar of Hepliaklqana.
  4053 | D:5      | Found a transporter.
  4056 | D:5      | Found a transporter.
  4057 | D:5      | Noticed Xerberus86's ghost (novice HuBe)
  4118 | D:5      | Noticed Sigmund
  4142 | D:5      | Found a staircase to the Ecumenical Temple.
  4278 | D:5      | Found a hazy altar of Hepliaklqana.
  4283 | D:5      | Noticed Duvessa
  4430 | D:5      | Reached * piety under Dithmenos
  4609 | D:5      | Noticed Dowan
  4685 | D:5      | Found a snail-covered altar of Cheibriados.
  4694 | D:5      | HP: 1/47 [mummy (17)]
  5458 | D:7      | Noticed a sky beast
  5458 | D:7      | Noticed an orc warrior
  5472 | D:6      | HP: 1/47 [orc priest/nerve-wracking pain (4)]
  5476 | D:6      | Reached XP level 7. HP: 19/52 MP: 7/7
  5538 | D:6      | Found an opulent altar of Gozag.
  6502 | D:6      | Found a runed translucent door.
  6503 | D:6      | Noticed Crazy Yiuf
  6511 | D:6      | Killed Crazy Yiuf
  6540 | D:6      | Reached skill level 6 in Stealth
  6681 | D:6      | Found a deep blue altar of Sif Muna.
  7177 | D:6      | Reached skill level 5 in Short Blades
  7177 | D:6      | Reached XP level 8. HP: 51/60 MP: 8/8
  7363 | D:7      | Noticed a hippogriff
  7499 | D:7      | Shot with an arrow by a centaur

Skill      XL: |  1  2  3  4  5  6  7  8 |
---------------+-------------------------+-----
Short Blades   | 2 3 4 5 |  5.2
Stealth        | 4 5 6 |  6.5
Fighting       | 3 4 |  4.3
Hexes          | 1 2 3 |  3.0
Summonings     | 1 2 3 |  3.0
Throwing       | |  1.7
Dodging        | |  0.8

Action                   |  1- 3 |  4- 6 |  7- 9 || total
-------------------------+-------+-------+-------++-------
Melee: Dagger            |   133 |   313 |   133 ||   579
Throw: Stone             |       |    23 |     9 ||    32
 Cast: Confusing Touch   |       |     5 |       ||     5
       Summon Small Mamm |       |    29 |     3 ||    32
  Use: Potion            |     1 |    15 |     1 ||    17
       Scroll            |     1 |     6 |    10 ||    17
 Stab: Sleeping          |     7 |    10 |     3 ||    20
       Confused          |       |     3 |       ||     3
       Distracted        |       |     1 |       ||     1
       Invisible         |       |     1 |       ||     1
  Eat: Chunk             |       |    10 |     5 ||    15
       Ration            |       |     2 |       ||     2
Armor: Robe              |    28 |   131 |    40 ||   199
Dodge: Dodged            |    70 |   165 |    70 ||   305
